AoeStats
← [RAT] G0rm

Coastal Forest

510374351Analyzed
4v4 RM · 1d ago on Sep 30, 2026· 36m 49s· 8 players
Game mode
Random Map
Map size
Large (8 player)
Population
200
Speed
Normal
Resources
Standard
Victory
Conquest
Starting age
Dark Age
Ending age
Imperial Age
RankedLock teamsTeams togetherTeam positionsShared explorationLock speedFull tech treeHidden civsTurbo modeCheats
Victory
Defeat
🇹🇼 Berbers · Taiwan
1959
+6
🇨🇳 Bulgarians · China
1951
+6
🇨🇳 Malians · China
1828
+10
🇬🇧 Muisca · United Kingdom
1810
+11
🇳🇱 Italians · Netherlands
1873
-14
🇫🇷 Burgundians · France
1841
-12
🇷🇴 Wei · Romania
1543
-4
🇳🇱 Huns · Netherlands
1495
-3
ique大爷
8:23 Loom
10:15 Feudal Age
11:08 Double-Bit Axe
11:41 Fishing Lines
12:25 Fletching
13:18 Padded Archer Armor
20:05 Gold Mining
23:25 Castle Age
23:42 Crossbowman
24:18 Bodkin Arrow
25:31 Leather Archer Armor
25:23 Thumb Ring
26:05 Ballistics
26:24 Wheelbarrow
26:07 Bow Saw
30:58 Hand Cart
31:55 Gold Shaft Mining
31:11 Stone Mining
34:27 Imperial Age
33:33 Coinage
33:20 Scale Mail Armor
34:43 Gillnets
34:59 Caravan
35:49 Ring Archer Armor
34:45 Arbalester
36:30 Chemistry
36:15 Banking
CNZS_Donghaidi
4:59 Loom
10:56 Feudal Age
11:27 Double-Bit Axe
13:20 Scale Barding Armor
14:52 Fletching
19:28 Wheelbarrow
18:35 Horse Collar
19:31 Bloodlines
24:55 Castle Age
23:01 Fishing Lines
24:59 Light Cavalry
26:02 Chain Barding Armor
26:11 Bow Saw
26:14 Husbandry
35:55 Hand Cart
36:58 Gold Mining
ANKR.Blve
3:06 Loom
24:39 Feudal Age
25:05 Fishing Lines
25:11 Double-Bit Axe
26:42 Wheelbarrow
30:08 Castle Age
28:03 Stone Mining
28:44 Gold Mining
31:11 Caravan
31:17 Gillnets
32:35 Clinker Construction
32:15 Treadmill Crane
33:54 Town Watch
34:43 Bow Saw
35:10 Gold Shaft Mining
35:11 Stone Shaft Mining
36:23 Hand Cart
Torpedo
7:55 Loom
11:36 Feudal Age
12:20 Double-Bit Axe
13:25 Gold Mining
16:34 Castle Age
15:42 Gold Mining
17:25 Medium Warships
17:26 Bow Saw
17:24 Town Watch
17:34 Fishing Lines
19:26 Wheelbarrow
19:49 Stone Mining
19:52 Gillnets
20:57 Horse Collar
26:18 Scale Mail Armor
26:29 Forging
26:10 Fletching
27:05 Fervor
29:28 Imperial Age
26:28 Champi Runner
27:09 Squires
27:33 Hand Cart
27:14 Champi Warrior
29:04 Chain Mail Armor
29:40 Iron Casting
30:31 Gold Shaft Mining
30:31 Stone Shaft Mining
30:48 Conscription
31:59 Plate Mail Armor
31:41 Elite Champi Warrior
32:23 Herbalism
32:52 Heavy Plow
35:12 Huaracas
[LW] Faneth
3:47 Loom
25:13 Feudal Age
28:49 Castle Age
35:03 Wheelbarrow
Kiddo
4:59 Double-Bit Axe
5:55 Loom
8:41 Feudal Age
7:29 Double-Bit Axe
12:04 Fletching
18:14 Padded Archer Armor
18:36 Horse Collar
20:50 Wheelbarrow
20:08 Gold Mining
26:06 Castle Age
26:09 Crossbowman
26:45 Bodkin Arrow
28:18 Ballistics
30:43 Hand Cart
33:07 Bow Saw
33:25 Leather Archer Armor
[RAT] G0rm
9:01 Loom
10:48 Feudal Age
12:03 Double-Bit Axe
14:00 Horse Collar
19:06 Wheelbarrow
20:46 Scale Barding Armor
26:16 Castle Age
24:47 Gold Mining
24:48 Stone Mining
25:28 Bloodlines
26:31 Forging
26:41 Light Cavalry
27:38 Bow Saw
27:58 Chain Barding Armor
29:32 Iron Casting
29:07 Heavy Plow
31:05 Gold Shaft Mining
30:53 Hand Cart
33:28 Husbandry
[RAT] Havik_AoE
8:36 Loom
10:34 Feudal Age
12:22 Double-Bit Axe
14:49 Castle Age
13:33 Horse Collar
16:05 Fletching
16:17 Padded Archer Armor
18:24 Bodkin Arrow
20:13 Bow Saw
22:43 Ballistics
28:09 Heavy Plow
29:16 Wheelbarrow
28:26 Town Watch
29:04 Bloodlines
28:55 Husbandry
30:17 Hand Cart
34:34 Imperial Age
31:31 Light Cavalry
32:17 Scale Barding Armor
32:28 Leather Archer Armor
32:32 Thumb Ring
33:17 Forging
33:34 Chain Barding Armor
35:49 Bracer
37:25 Chemistry
Connection lost

Rejoining the realm…

Still unreachable

The connection could not be restored.

Session expired

The server has moved on; the page needs a fresh start.